General information
- name: BNet
- type: Ladder team game (AT/RT)
- host: Battle.net
- saver: RoganJosh.Yum
map: GoldRush
- players: 8
- length: 83:34
- speed: Fast
- version: 1.24 W3XP
- replay type:

» download(752 KB)
Players
team 1 (loser)

»
b2b.sMoKe.N.fLy (
purple | 63 APM | 3186 actions | 50:48)
6 Archmage
3 Summon Water Elemental
2 Brilliance Aura
1 Mass Teleport
4 Mountain King
2 Storm Bolt
2 Bash
» actions
| Assign group hotkey | 52 | |
| Basic commands | 6 | |
| Build / train | 117 | |
| Enter build submenu | 23 | |
| Enter hero's abilities submenu | 10 | |
| Remove unit from queue | 1 | |
| Right click | 1264 | |
| Select / deselect | 712 | |
| Select group hotkey | 804 | |
| Use ability | 197 | |
3186 total
» units
| Peasant | 31 | |
| Footman | 5 | |
| Mortar Team | 17 | |
| Siege Engine | 10 | |
63 total
» upgrades
| Defend | 1 | |
| Lumber Harvesting | 2 | |
| Flare | 1 | |
| Fragmentation Shards | 1 | |
| Gunpowder | 3 | |
| Barrage | 1 | |
| Armor | 3 | |
| Plating | 3 | |
| Masonry | 3 | |
18 total
» buildings
| Altar of Kings | 1 | |
| Farm | 18 | |
| Barracks | 1 | |
| Keep | 1 | |
| Lumber Mill | 1 | |
| Arcane Vault | 1 | |
| Town Hall | 2 | |
| Blacksmith | 1 | |
| Scout Tower | 16 | |
| Castle | 1 | |
| Workshop | 3 | |
| Guard Tower | 3 | |
| Arcane Tower | 1 | |
50 total
» build order
00:08 Altar of Kings
00:14 Farm
00:20 Farm
00:28 Barracks
01:48 Farm
02:08 Farm
03:16 Keep
04:31 Lumber Mill
04:33 Arcane Vault
06:02 Farm
06:07 Town Hall
08:06 Blacksmith
08:32 Scout Tower
08:33 Scout Tower
08:46 Castle
09:10 Farm
09:10 Farm
09:11 Farm
09:11 Farm
09:26 Workshop
09:28 Workshop
09:34 Guard Tower
09:35 Arcane Tower
12:17 Farm
12:18 Farm
12:19 Farm
19:22 Workshop
19:55 Town Hall
20:22 Scout Tower
20:22 Scout Tower
20:23 Scout Tower
20:23 Scout Tower
20:24 Scout Tower
20:24 Scout Tower
20:25 Scout Tower
20:26 Scout Tower
23:10 Guard Tower
25:36 Guard Tower
28:19 Scout Tower
28:19 Scout Tower
28:19 Scout Tower
28:20 Scout Tower
28:20 Scout Tower
29:28 Farm
29:28 Farm
29:28 Farm
29:29 Farm
29:29 Farm
29:29 Farm
» items
| Scroll of Town Portal | 4 | |
| Lesser Clarity Potion | 3 | |
| Scroll of Regeneration | 5 | |
| Potion of Healing | 2 | |
| Orb of Fire | 1 | |
| Potion of Mana | 1 | |
16 total

»
nooka (
teal | 117 APM | 4801 actions | 40:51)
6 Keeper of the Grove
3 Entangling Roots
2 Thorns Aura
1 Tranquility
» actions
| Assign group hotkey | 81 | |
| Basic commands | 286 | |
| Build / train | 127 | |
| ESC pressed | 3 | |
| Enter build submenu | 22 | |
| Enter hero's abilities submenu | 6 | |
| Remove unit from queue | 4 | |
| Right click | 1621 | |
| Select / deselect | 670 | |
| Select group hotkey | 1755 | |
| Use ability | 226 | |
4801 total
» units
| Wisp | 37 | |
| Glaive Thrower | 13 | |
| Huntress | 9 | |
| Hippogryph | 7 | |
| Archer | 1 | |
| Druid of the Claw | 6 | |
| Dryad | 3 | |
76 total
» upgrades
| Ultravision | 1 | |
| Strength of the Moon | 3 | |
| Moon Armor | 1 | |
| Vorpal Blades | 2 | |
| Improved Bows | 1 | |
| Strength of the Wild | 3 | |
| Reinforced Hides | 4 | |
| Druid of the Claw Training | 2 | |
| Mark of the Claw | 1 | |
18 total
» buildings
| Altar of Elders | 1 | |
| Moon Well | 9 | |
| Ancient of War | 2 | |
| Hunter's Hall | 1 | |
| Ancient Protector | 1 | |
| Ancient of Wonders | 1 | |
| Tree of Ages | 2 | |
| Tree of Life | 1 | |
| Ancient of Wind | 2 | |
| Ancient of Lore | 2 | |
| Tree of Eternity | 1 | |
23 total
» build order
00:07 Altar of Elders
00:17 Moon Well
01:45 Ancient of War
01:48 Hunter's Hall
01:56 Moon Well
02:25 Ancient of War
02:45 Moon Well
03:00 Ancient Protector
04:18 Moon Well
05:21 Ancient of Wonders
07:50 Moon Well
08:37 Tree of Ages
08:37 Tree of Ages
14:12 Tree of Life
14:59 Moon Well
15:01 Moon Well
15:35 Ancient of Wind
15:37 Ancient of Wind
19:55 Ancient of Lore
19:55 Ancient of Lore
22:45 Tree of Eternity
31:16 Moon Well
31:16 Moon Well
» items
| Dust of Appearance | 3 | |
| Staff of Teleportation | 1 | |
4 total

»
otmo[R]ozok (
yellow | 71 APM | 5058 actions | 71:02)
8 Archmage
2 Summon Water Elemental
2 Brilliance Aura
3 Blizzard
1 Mass Teleport
5 Pandaren Brewmaster
3 Breath of Fire
2 Drunken Haze
5 Blood Mage
3 Flame Strike
2 Siphon Mana
» actions
| Assign group hotkey | 57 | |
| Basic commands | 101 | |
| Build / train | 254 | |
| ESC pressed | 30 | |
| Enter build submenu | 88 | |
| Enter hero's abilities submenu | 17 | |
| Give item / drop item | 4 | |
| Right click | 1910 | |
| Select / deselect | 938 | |
| Select group hotkey | 1078 | |
| Use ability | 574 | |
5058 total
» units
| Peasant | 64 | |
| Footman | 12 | |
| Dragonhawk Rider | 17 | |
| Gryphon Rider | 3 | |
96 total
» upgrades
| Lumber Harvesting | 2 | |
| Masonry | 3 | |
| Animal War Training | 1 | |
| Storm Hammers | 1 | |
| Cloud | 1 | |
| Swords | 3 | |
| Armor | 3 | |
14 total
» buildings
| Altar of Kings | 1 | |
| Barracks | 1 | |
| Lumber Mill | 3 | |
| Farm | 12 | |
| Scout Tower | 111 | |
| Guard Tower | 56 | |
| Arcane Tower | 5 | |
| Arcane Vault | 2 | |
| Town Hall | 7 | |
| Keep | 3 | |
| Blacksmith | 2 | |
| Workshop | 1 | |
| Castle | 2 | |
| Cannon Tower | 8 | |
| Gryphon Aviary | 3 | |
217 total
» build order
00:11 Altar of Kings
00:23 Barracks
00:28 Lumber Mill
00:35 Farm
00:44 Farm
01:49 Farm
01:57 Farm
02:20 Scout Tower
02:21 Scout Tower
02:33 Scout Tower
03:14 Guard Tower
03:14 Guard Tower
03:54 Guard Tower
03:54 Guard Tower
04:20 Guard Tower
04:20 Guard Tower
05:35 Scout Tower
05:37 Scout Tower
06:09 Guard Tower
06:10 Guard Tower
06:11 Guard Tower
06:11 Guard Tower
06:12 Arcane Tower
06:12 Arcane Tower
06:13 Arcane Tower
06:33 Arcane Vault
06:34 Scout Tower
06:37 Arcane Vault
07:03 Guard Tower
07:03 Guard Tower
07:03 Guard Tower
08:45 Town Hall
09:14 Farm
09:15 Farm
09:19 Farm
09:22 Farm
10:00 Keep
10:00 Keep
10:00 Keep
10:06 Farm
10:07 Farm
10:10 Scout Tower
10:12 Scout Tower
10:53 Guard Tower
10:53 Guard Tower
11:49 Blacksmith
12:09 Scout Tower
12:09 Scout Tower
12:11 Scout Tower
12:13 Scout Tower
12:14 Scout Tower
12:15 Scout Tower
13:15 Guard Tower
13:20 Workshop
13:52 Lumber Mill
14:06 Castle
14:06 Castle
14:58 Cannon Tower
15:53 Scout Tower
16:28 Guard Tower
16:29 Cannon Tower
16:45 Town Hall
16:52 Gryphon Aviary
16:52 Gryphon Aviary
16:53 Gryphon Aviary
17:16 Town Hall
17:21 Farm
17:22 Farm
17:43 Scout Tower
17:44 Scout Tower
18:51 Cannon Tower
18:51 Cannon Tower
20:07 Blacksmith
20:21 Cannon Tower
22:08 Town Hall
24:48 Scout Tower
24:54 Scout Tower
24:55 Arcane Tower
24:56 Guard Tower
25:11 Scout Tower
25:11 Scout Tower
25:12 Scout Tower
25:13 Scout Tower
25:14 Scout Tower
25:17 Guard Tower
25:17 Guard Tower
25:24 Guard Tower
25:25 Guard Tower
25:47 Scout Tower
25:48 Scout Tower
25:49 Scout Tower
25:51 Scout Tower
26:55 Arcane Tower
26:56 Guard Tower
28:38 Guard Tower
34:30 Scout Tower
34:30 Scout Tower
34:31 Scout Tower
35:03 Guard Tower
35:07 Scout Tower
35:07 Scout Tower
35:08 Scout Tower
45:14 Town Hall
48:38 Scout Tower
48:39 Scout Tower
48:39 Scout Tower
48:40 Scout Tower
48:40 Scout Tower
48:41 Scout Tower
48:41 Scout Tower
48:41 Scout Tower
48:41 Scout Tower
48:42 Scout Tower
48:45 Scout Tower
48:46 Scout Tower
48:46 Scout Tower
48:47 Scout Tower
48:47 Scout Tower
48:47 Scout Tower
48:47 Scout Tower
48:48 Scout Tower
48:48 Scout Tower
48:48 Scout Tower
48:51 Town Hall
48:52 Scout Tower
48:53 Scout Tower
48:53 Scout Tower
48:54 Scout Tower
48:54 Scout Tower
48:54 Scout Tower
48:56 Scout Tower
48:56 Scout Tower
48:58 Scout Tower
48:59 Scout Tower
48:59 Scout Tower
48:59 Scout Tower
49:00 Scout Tower
49:00 Scout Tower
49:30 Guard Tower
49:30 Guard Tower
49:30 Guard Tower
49:50 Town Hall
49:57 Guard Tower
49:57 Guard Tower
50:12 Guard Tower
51:22 Guard Tower
52:28 Scout Tower
52:29 Scout Tower
52:29 Scout Tower
52:30 Scout Tower
52:30 Scout Tower
52:31 Scout Tower
52:31 Scout Tower
52:31 Scout Tower
52:31 Scout Tower
52:32 Scout Tower
52:32 Scout Tower
52:32 Scout Tower
52:33 Scout Tower
52:33 Scout Tower
52:33 Scout Tower
52:34 Scout Tower
52:34 Scout Tower
52:35 Scout Tower
52:35 Scout Tower
52:35 Scout Tower
52:36 Scout Tower
52:36 Scout Tower
52:36 Scout Tower
52:37 Scout Tower
52:37 Scout Tower
53:07 Guard Tower
53:07 Guard Tower
54:34 Guard Tower
54:34 Guard Tower
54:35 Guard Tower
55:13 Scout Tower
55:14 Scout Tower
55:16 Scout Tower
55:25 Guard Tower
55:25 Guard Tower
55:41 Cannon Tower
55:41 Cannon Tower
55:50 Lumber Mill
56:02 Guard Tower
56:02 Guard Tower
59:26 Guard Tower
59:26 Guard Tower
59:26 Guard Tower
59:30 Scout Tower
59:30 Scout Tower
59:31 Scout Tower
60:20 Guard Tower
60:30 Guard Tower
» items
| Scroll of Regeneration | 12 | |
| Scroll of Town Portal | 12 | |
| Boots of Speed | 1 | |
| Tome of Retraining | 1 | |
| Potion of Healing | 5 | |
| Ivory Tower | 5 | |
| Staff of Sanctuary | 3 | |
| Orb of Fire | 1 | |
40 total

»
T[es]T (
pink | 95 APM | 7895 actions | 83:32)
10 Pandaren Brewmaster
3 Breath of Fire
3 Drunken Haze
1 Storm Earth and Fire
3 Drunken Brawler
» actions
| Assign group hotkey | 134 | |
| Basic commands | 395 | |
| Build / train | 150 | |
| ESC pressed | 9 | |
| Enter build submenu | 65 | |
| Enter hero's abilities submenu | 12 | |
| Give item / drop item | 8 | |
| Right click | 2546 | |
| Select / deselect | 1055 | |
| Select group hotkey | 3150 | |
| Use ability | 369 | |
7895 total
» units
| Wisp | 56 | |
| Huntress | 4 | |
| Dryad | 14 | |
| Faerie Dragon | 1 | |
| Chimaera | 6 | |
81 total
» upgrades
| Ultravision | 1 | |
| Strength of the Wild | 3 | |
| Abolish Magic | 1 | |
| Reinforced Hides | 3 | |
| Well Spring | 1 | |
| Nature's Blessing | 1 | |
| Corrosive Breath | 1 | |
| Druid of the Talon Training | 1 | |
12 total
» buildings
| Moon Well | 7 | |
| Altar of Elders | 1 | |
| Hunter's Hall | 1 | |
| Ancient of War | 1 | |
| Tree of Ages | 5 | |
| Ancient of Wonders | 3 | |
| Ancient of Lore | 2 | |
| Ancient of Wind | 1 | |
| Ancient Protector | 29 | |
| Tree of Eternity | 1 | |
| Chimaera Roost | 4 | |
| Tree of Life | 6 | |
61 total
» build order
00:08 Moon Well
01:08 Altar of Elders
01:27 Moon Well
02:00 Hunter's Hall
02:03 Ancient of War
02:24 Moon Well
02:58 Tree of Ages
02:58 Tree of Ages
02:58 Tree of Ages
05:15 Ancient of Wonders
05:23 Ancient of Lore
05:23 Ancient of Lore
06:29 Ancient of Wind
08:29 Moon Well
11:27 Ancient Protector
11:31 Ancient Protector
11:37 Ancient Protector
12:47 Moon Well
12:48 Moon Well
12:48 Moon Well
13:09 Tree of Eternity
16:04 Chimaera Roost
16:05 Chimaera Roost
16:07 Chimaera Roost
16:08 Chimaera Roost
21:01 Tree of Life
30:55 Tree of Life
43:19 Ancient Protector
45:15 Ancient Protector
45:16 Ancient Protector
45:16 Ancient Protector
45:17 Ancient Protector
45:18 Ancient Protector
46:25 Ancient Protector
46:26 Ancient Protector
46:28 Ancient Protector
46:29 Ancient Protector
48:17 Tree of Life
48:18 Ancient Protector
48:19 Ancient Protector
48:23 Tree of Life
48:29 Ancient Protector
49:00 Ancient Protector
52:25 Ancient Protector
52:26 Ancient Protector
52:27 Ancient Protector
52:28 Ancient Protector
56:17 Ancient of Wonders
56:42 Ancient of Wonders
59:19 Tree of Life
61:29 Ancient Protector
61:31 Ancient Protector
61:32 Ancient Protector
61:33 Ancient Protector
61:34 Ancient Protector
61:37 Ancient Protector
64:37 Tree of Life
64:45 Ancient Protector
65:14 Ancient Protector
» items
| Boots of Speed | 1 | |
| Dust of Appearance | 2 | |
| Staff of Teleportation | 1 | |
| Scroll of Town Portal | 9 | |
| Lesser Clarity Potion | 2 | |
| Potion of Healing | 6 | |
| Potion of Mana | 4 | |
| Anti-magic Potion | 4 | |
| Potion of Invisibility | 2 | |
| Scroll of Healing | 1 | |
| Potion of Lesser Invulnerability | 1 | |
| Scroll of Regeneration | 1 | |
34 total
team 2 (winner)
Often-A-Bird (
red | 102 APM | 8552 actions | 83:32)
6 Archmage
3 Blizzard
2 Brilliance Aura
1 Mass Teleport
5 Mountain King
3 Storm Bolt
2 Bash
5 Paladin
3 Holy Light
2 Divine Shield
» actions
| Assign group hotkey | 841 | |
| Basic commands | 18 | |
| Build / train | 575 | |
| Enter build submenu | 253 | |
| Enter hero's abilities submenu | 19 | |
| Give item / drop item | 4 | |
| Remove unit from queue | 8 | |
| Right click | 3698 | |
| Select / deselect | 1801 | |
| Select group hotkey | 530 | |
| Use ability | 803 | |
8552 total
» units
| Peasant | 79 | |
| Ogre Mauler | 19 | |
| Mud Golem | 1 | |
99 total
» upgrades
| Masonry | 3 | |
| Lumber Harvesting | 2 | |
5 total
» buildings
| Altar of Kings | 1 | |
| Lumber Mill | 2 | |
| Farm | 14 | |
| Scout Tower | 406 | |
| Arcane Tower | 70 | |
| Guard Tower | 340 | |
| Town Hall | 10 | |
| Keep | 2 | |
| Arcane Vault | 3 | |
| Castle | 2 | |
| Arcane Sanctum | 1 | |
851 total
» build order
00:03 Altar of Kings
00:18 Lumber Mill
00:40 Farm
01:27 Farm
01:45 Scout Tower
01:48 Scout Tower
02:20 Arcane Tower
02:20 Arcane Tower
02:21 Guard Tower
02:21 Guard Tower
03:17 Town Hall
04:36 Scout Tower
04:37 Scout Tower
04:38 Scout Tower
04:38 Scout Tower
04:39 Scout Tower
04:40 Scout Tower
05:03 Guard Tower
05:03 Guard Tower
05:04 Guard Tower
05:04 Guard Tower
05:06 Scout Tower
05:07 Scout Tower
05:08 Scout Tower
05:08 Scout Tower
05:14 Scout Tower
05:16 Scout Tower
05:17 Scout Tower
05:20 Scout Tower
05:20 Scout Tower
05:27 Farm
05:45 Guard Tower
05:45 Guard Tower
05:46 Guard Tower
05:46 Guard Tower
05:50 Guard Tower
05:51 Guard Tower
05:55 Guard Tower
05:55 Guard Tower
06:00 Arcane Tower
06:00 Arcane Tower
06:01 Arcane Tower
06:11 Arcane Tower
06:11 Arcane Tower
06:11 Arcane Tower
06:32 Guard Tower
06:34 Guard Tower
06:34 Guard Tower
06:37 Guard Tower
07:24 Keep
07:32 Farm
07:39 Arcane Vault
08:17 Town Hall
08:22 Scout Tower
08:23 Scout Tower
08:24 Scout Tower
08:57 Guard Tower
08:57 Guard Tower
08:59 Scout Tower
09:00 Scout Tower
09:00 Scout Tower
09:38 Scout Tower
09:39 Scout Tower
09:40 Scout Tower
10:12 Guard Tower
10:12 Guard Tower
11:01 Guard Tower
11:02 Guard Tower
11:15 Scout Tower
11:16 Scout Tower
11:18 Scout Tower
11:20 Scout Tower
11:38 Scout Tower
11:38 Scout Tower
11:47 Scout Tower
11:48 Scout Tower
11:48 Scout Tower
11:56 Guard Tower
11:57 Scout Tower
12:00 Scout Tower
12:02 Scout Tower
12:06 Scout Tower
12:08 Guard Tower
12:09 Guard Tower
12:09 Guard Tower
12:09 Guard Tower
12:10 Scout Tower
12:15 Guard Tower
12:15 Guard Tower
12:16 Guard Tower
12:17 Scout Tower
12:25 Scout Tower
12:26 Scout Tower
12:27 Guard Tower
12:32 Guard Tower
12:32 Guard Tower
12:37 Guard Tower
12:42 Guard Tower
12:42 Guard Tower
12:43 Scout Tower
12:43 Scout Tower
13:24 Guard Tower
13:24 Guard Tower
13:26 Guard Tower
13:27 Guard Tower
13:28 Guard Tower
13:28 Guard Tower
13:28 Guard Tower
13:28 Guard Tower
13:36 Castle
15:01 Scout Tower
15:02 Scout Tower
15:03 Scout Tower
15:21 Scout Tower
15:21 Scout Tower
15:22 Scout Tower
17:11 Scout Tower
17:11 Scout Tower
17:12 Scout Tower
17:24 Scout Tower
17:41 Arcane Tower
17:41 Guard Tower
17:41 Guard Tower
17:42 Scout Tower
17:43 Scout Tower
17:44 Scout Tower
17:48 Guard Tower
17:50 Scout Tower
17:51 Scout Tower
17:51 Scout Tower
17:55 Scout Tower
17:56 Scout Tower
17:56 Scout Tower
18:11 Guard Tower
18:11 Guard Tower
18:13 Scout Tower
18:21 Scout Tower
18:21 Scout Tower
18:22 Arcane Tower
18:22 Arcane Tower
18:22 Arcane Tower
18:49 Scout Tower
18:49 Scout Tower
18:51 Scout Tower
19:03 Guard Tower
19:03 Guard Tower
19:03 Guard Tower
19:09 Guard Tower
19:09 Guard Tower
19:11 Scout Tower
19:12 Scout Tower
19:14 Scout Tower
19:15 Scout Tower
19:45 Arcane Tower
19:45 Arcane Tower
19:46 Arcane Tower
19:46 Guard Tower
19:46 Guard Tower
19:47 Guard Tower
19:47 Guard Tower
19:47 Guard Tower
19:49 Scout Tower
19:49 Scout Tower
19:49 Scout Tower
19:51 Scout Tower
19:52 Scout Tower
19:52 Scout Tower
19:53 Guard Tower
19:54 Guard Tower
19:54 Guard Tower
20:03 Arcane Tower
20:04 Arcane Tower
20:09 Town Hall
20:28 Scout Tower
20:29 Scout Tower
20:29 Scout Tower
20:33 Guard Tower
20:38 Scout Tower
20:39 Guard Tower
20:40 Guard Tower
20:41 Scout Tower
20:41 Scout Tower
20:42 Scout Tower
20:43 Scout Tower
20:57 Scout Tower
20:58 Scout Tower
20:59 Scout Tower
21:22 Guard Tower
21:23 Town Hall
21:30 Scout Tower
21:31 Scout Tower
21:31 Scout Tower
21:32 Scout Tower
21:37 Guard Tower
21:37 Guard Tower
21:50 Town Hall
21:56 Guard Tower
21:56 Guard Tower
22:18 Guard Tower
22:19 Guard Tower
22:21 Scout Tower
22:21 Scout Tower
22:22 Scout Tower
22:22 Scout Tower
22:23 Scout Tower
22:24 Scout Tower
22:34 Scout Tower
22:35 Scout Tower
22:36 Scout Tower
22:36 Scout Tower
22:37 Scout Tower
22:38 Scout Tower
22:38 Scout Tower
23:06 Scout Tower
23:07 Scout Tower
23:08 Scout Tower
23:08 Scout Tower
23:10 Guard Tower
23:13 Town Hall
23:15 Scout Tower
23:16 Scout Tower
23:17 Scout Tower
23:18 Scout Tower
23:20 Guard Tower
23:41 Guard Tower
23:41 Guard Tower
23:57 Guard Tower
23:58 Guard Tower
24:00 Scout Tower
24:00 Scout Tower
24:01 Scout Tower
24:02 Scout Tower
24:07 Guard Tower
24:07 Guard Tower
24:09 Scout Tower
24:09 Scout Tower
24:10 Scout Tower
24:37 Arcane Tower
24:37 Arcane Tower
24:37 Arcane Tower
24:37 Arcane Tower
24:38 Guard Tower
24:38 Guard Tower
24:38 Guard Tower
24:39 Guard Tower
24:39 Arcane Tower
24:39 Arcane Tower
24:40 Scout Tower
24:41 Scout Tower
24:42 Scout Tower
25:03 Guard Tower
25:10 Guard Tower
25:11 Guard Tower
25:11 Guard Tower
25:54 Guard Tower
25:55 Guard Tower
25:55 Guard Tower
25:56 Guard Tower
25:56 Guard Tower
25:56 Guard Tower
26:03 Guard Tower
26:03 Guard Tower
26:06 Scout Tower
26:07 Scout Tower
26:08 Scout Tower
26:08 Scout Tower
26:09 Scout Tower
26:09 Scout Tower
26:10 Scout Tower
26:12 Scout Tower
26:13 Scout Tower
26:13 Scout Tower
26:58 Guard Tower
26:59 Guard Tower
26:59 Guard Tower
26:59 Guard Tower
27:00 Guard Tower
27:00 Guard Tower
27:00 Guard Tower
27:02 Guard Tower
27:03 Guard Tower
27:05 Scout Tower
27:05 Scout Tower
27:07 Scout Tower
27:08 Scout Tower
27:08 Scout Tower
27:09 Scout Tower
27:18 Scout Tower
27:18 Scout Tower
27:20 Scout Tower
27:20 Scout Tower
27:28 Guard Tower
27:29 Guard Tower
27:41 Guard Tower
27:41 Guard Tower
27:42 Guard Tower
27:42 Guard Tower
27:42 Guard Tower
27:43 Guard Tower
27:43 Guard Tower
27:43 Guard Tower
27:44 Guard Tower
27:44 Guard Tower
27:46 Scout Tower
27:46 Scout Tower
27:47 Scout Tower
27:47 Scout Tower
27:48 Scout Tower
27:49 Scout Tower
27:50 Guard Tower
27:51 Guard Tower
27:51 Guard Tower
27:51 Guard Tower
27:51 Guard Tower
28:06 Guard Tower
28:06 Guard Tower
28:06 Guard Tower
28:09 Scout Tower
28:10 Scout Tower
28:11 Scout Tower
28:11 Scout Tower
28:12 Scout Tower
28:12 Scout Tower
28:13 Scout Tower
28:15 Scout Tower
28:16 Scout Tower
28:17 Scout Tower
28:17 Scout Tower
28:18 Scout Tower
28:18 Scout Tower
28:22 Scout Tower
28:23 Scout Tower
28:23 Scout Tower
28:24 Scout Tower
28:24 Scout Tower
28:25 Scout Tower
28:25 Scout Tower
28:26 Scout Tower
28:48 Guard Tower
28:49 Guard Tower
28:51 Scout Tower
28:52 Scout Tower
28:52 Scout Tower
28:53 Scout Tower
28:54 Scout Tower
28:59 Town Hall
29:02 Guard Tower
29:02 Guard Tower
29:02 Guard Tower
29:03 Guard Tower
29:19 Guard Tower
29:19 Guard Tower
29:25 Guard Tower
29:38 Guard Tower
29:38 Guard Tower
29:49 Scout Tower
29:49 Scout Tower
29:50 Scout Tower
29:51 Scout Tower
29:52 Scout Tower
30:46 Guard Tower
30:46 Guard Tower
30:47 Guard Tower
31:12 Scout Tower
31:13 Scout Tower
31:13 Scout Tower
31:14 Scout Tower
31:15 Scout Tower
31:31 Arcane Vault
31:34 Guard Tower
31:46 Guard Tower
31:46 Guard Tower
31:49 Arcane Vault
31:58 Guard Tower
31:59 Guard Tower
32:00 Scout Tower
32:01 Scout Tower
32:01 Scout Tower
32:02 Scout Tower
32:05 Scout Tower
32:11 Scout Tower
32:13 Scout Tower
32:14 Scout Tower
32:30 Guard Tower
32:30 Guard Tower
32:45 Guard Tower
32:45 Guard Tower
32:45 Guard Tower
32:52 Scout Tower
32:52 Scout Tower
34:33 Guard Tower
34:33 Guard Tower
34:36 Scout Tower
34:38 Scout Tower
34:39 Scout Tower
34:39 Scout Tower
34:40 Scout Tower
34:41 Scout Tower
34:46 Guard Tower
34:46 Guard Tower
34:46 Guard Tower
34:47 Scout Tower
34:48 Scout Tower
34:48 Scout Tower
35:16 Guard Tower
35:16 Guard Tower
35:17 Scout Tower
35:18 Scout Tower
35:53 Guard Tower
35:53 Guard Tower
35:54 Scout Tower
35:54 Scout Tower
35:55 Scout Tower
35:55 Scout Tower
35:56 Scout Tower
35:56 Scout Tower
35:57 Scout Tower
36:01 Scout Tower
36:01 Scout Tower
36:02 Scout Tower
36:07 Scout Tower
36:08 Scout Tower
36:30 Scout Tower
36:30 Scout Tower
36:31 Scout Tower
36:32 Scout Tower
36:32 Scout Tower
36:43 Arcane Tower
36:43 Arcane Tower
36:43 Guard Tower
36:43 Guard Tower
36:44 Scout Tower
36:44 Scout Tower
38:18 Guard Tower
38:18 Guard Tower
39:10 Scout Tower
39:11 Scout Tower
39:11 Scout Tower
39:32 Scout Tower
39:33 Scout Tower
39:34 Scout Tower
39:35 Scout Tower
39:36 Scout Tower
39:36 Scout Tower
39:37 Scout Tower
39:38 Scout Tower
39:38 Scout Tower
39:40 Guard Tower
39:41 Guard Tower
39:41 Scout Tower
39:42 Scout Tower
39:42 Scout Tower
39:42 Scout Tower
39:48 Scout Tower
39:49 Scout Tower
39:49 Scout Tower
39:50 Scout Tower
39:50 Scout Tower
39:57 Scout Tower
39:57 Scout Tower
40:14 Guard Tower
40:14 Guard Tower
40:18 Guard Tower
40:18 Guard Tower
40:24 Guard Tower
40:26 Scout Tower
40:26 Scout Tower
40:27 Scout Tower
40:28 Scout Tower
40:30 Scout Tower
40:30 Scout Tower
40:31 Scout Tower
40:32 Scout Tower
40:33 Scout Tower
40:33 Scout Tower
40:40 Guard Tower
40:44 Scout Tower
40:45 Scout Tower
40:45 Scout Tower
40:46 Scout Tower
40:47 Scout Tower
40:47 Scout Tower
40:59 Town Hall
41:06 Guard Tower
41:06 Guard Tower
41:08 Scout Tower
41:08 Scout Tower
41:09 Scout Tower
41:13 Guard Tower
41:13 Guard Tower
41:14 Guard Tower
41:16 Scout Tower
41:17 Scout Tower
41:18 Scout Tower
41:19 Scout Tower
41:20 Scout Tower
41:20 Guard Tower
41:21 Guard Tower
41:21 Guard Tower
41:37 Guard Tower
41:38 Guard Tower
41:38 Guard Tower
41:42 Scout Tower
41:42 Scout Tower
41:43 Scout Tower
41:44 Scout Tower
41:45 Scout Tower
41:45 Scout Tower
41:46 Scout Tower
41:49 Arcane Tower
41:49 Arcane Tower
41:50 Arcane Tower
41:50 Arcane Tower
41:50 Arcane Tower
41:51 Guard Tower
41:51 Guard Tower
41:56 Guard Tower
41:56 Guard Tower
42:10 Guard Tower
42:10 Guard Tower
42:13 Scout Tower
42:14 Scout Tower
42:14 Scout Tower
42:15 Scout Tower
42:15 Scout Tower
42:16 Scout Tower
42:17 Scout Tower
42:17 Scout Tower
42:19 Scout Tower
42:19 Scout Tower
42:20 Scout Tower
42:20 Scout Tower
42:26 Scout Tower
42:27 Scout Tower
42:28 Scout Tower
42:28 Scout Tower
42:30 Scout Tower
42:31 Scout Tower
42:31 Scout Tower
42:40 Lumber Mill
42:46 Arcane Tower
42:50 Scout Tower
42:51 Scout Tower
42:52 Scout Tower
42:53 Scout Tower
42:54 Scout Tower
42:55 Scout Tower
42:55 Scout Tower
42:55 Scout Tower
42:56 Scout Tower
42:58 Arcane Tower
42:58 Arcane Tower
42:59 Arcane Tower
43:03 Scout Tower
43:03 Scout Tower
43:04 Scout Tower
43:05 Scout Tower
43:19 Arcane Tower
43:19 Arcane Tower
43:20 Arcane Tower
43:20 Guard Tower
43:21 Guard Tower
43:23 Scout Tower
43:23 Scout Tower
43:24 Scout Tower
43:24 Scout Tower
43:27 Guard Tower
43:27 Guard Tower
43:29 Guard Tower
43:29 Guard Tower
43:31 Guard Tower
43:31 Guard Tower
43:32 Arcane Tower
43:32 Arcane Tower
43:34 Guard Tower
43:34 Guard Tower
43:35 Scout Tower
43:36 Scout Tower
43:37 Scout Tower
43:37 Scout Tower
44:03 Scout Tower
44:04 Scout Tower
44:04 Scout Tower
44:11 Guard Tower
44:11 Guard Tower
44:13 Scout Tower
44:13 Scout Tower
44:14 Scout Tower
44:14 Scout Tower
44:16 Guard Tower
44:17 Guard Tower
44:18 Scout Tower
44:19 Scout Tower
44:20 Scout Tower
44:21 Scout Tower
45:11 Guard Tower
45:11 Guard Tower
45:11 Scout Tower
45:12 Scout Tower
45:12 Scout Tower
45:15 Guard Tower
45:16 Guard Tower
45:16 Scout Tower
45:19 Scout Tower
45:21 Guard Tower
45:21 Guard Tower
45:39 Guard Tower
45:39 Guard Tower
45:39 Guard Tower
45:40 Guard Tower
45:42 Guard Tower
45:42 Guard Tower
45:45 Guard Tower
45:46 Guard Tower
45:46 Guard Tower
45:47 Arcane Tower
45:47 Arcane Tower
45:47 Arcane Tower
45:48 Guard Tower
45:48 Guard Tower
45:48 Guard Tower
46:17 Guard Tower
46:17 Guard Tower
46:21 Guard Tower
46:23 Scout Tower
46:24 Scout Tower
46:25 Scout Tower
46:26 Scout Tower
46:27 Scout Tower
46:29 Scout Tower
46:30 Scout Tower
46:31 Scout Tower
47:03 Scout Tower
47:04 Scout Tower
47:05 Scout Tower
47:05 Scout Tower
47:06 Scout Tower
47:07 Scout Tower
47:07 Scout Tower
47:08 Scout Tower
47:09 Scout Tower
47:10 Scout Tower
47:10 Scout Tower
47:11 Scout Tower
47:14 Scout Tower
47:14 Scout Tower
47:15 Scout Tower
47:16 Scout Tower
47:16 Scout Tower
47:17 Scout Tower
47:17 Scout Tower
47:18 Scout Tower
47:25 Town Hall
47:32 Guard Tower
47:32 Guard Tower
47:42 Town Hall
47:50 Guard Tower
47:51 Guard Tower
47:55 Scout Tower
47:55 Scout Tower
48:20 Arcane Tower
48:20 Arcane Tower
48:20 Guard Tower
48:21 Guard Tower
48:21 Guard Tower
48:22 Guard Tower
48:23 Guard Tower
52:10 Scout Tower
52:10 Scout Tower
52:19 Guard Tower
52:19 Guard Tower
57:23 Guard Tower
57:24 Guard Tower
57:25 Scout Tower
57:26 Scout Tower
57:26 Scout Tower
59:03 Guard Tower
66:00 Farm
66:03 Farm
66:13 Farm
66:17 Farm
66:17 Farm
66:52 Farm
66:58 Farm
66:59 Farm
66:59 Farm
69:45 Farm
79:15 Keep
81:32 Scout Tower
81:36 Scout Tower
81:37 Scout Tower
81:44 Scout Tower
81:45 Scout Tower
81:46 Scout Tower
81:47 Scout Tower
81:48 Scout Tower
81:48 Scout Tower
81:51 Scout Tower
81:51 Scout Tower
81:52 Scout Tower
81:52 Scout Tower
81:53 Scout Tower
81:54 Scout Tower
81:54 Scout Tower
81:56 Scout Tower
81:57 Scout Tower
82:07 Scout Tower
82:07 Scout Tower
82:10 Scout Tower
82:10 Scout Tower
82:11 Scout Tower
82:36 Arcane Tower
82:37 Arcane Tower
82:37 Arcane Tower
82:39 Arcane Sanctum
82:49 Arcane Tower
82:50 Arcane Tower
82:50 Arcane Tower
82:53 Scout Tower
82:53 Scout Tower
82:55 Scout Tower
82:55 Scout Tower
82:57 Scout Tower
82:58 Scout Tower
82:58 Scout Tower
82:59 Scout Tower
83:01 Scout Tower
» items
| Potion of Healing | 6 | |
| Scroll of Regeneration | 2 | |
| Scroll of Town Portal | 3 | |
| Potion of Mana | 1 | |
| Orb of Fire | 1 | |
| Staff of Sanctuary | 1 | |
| Lesser Clarity Potion | 1 | |
| Boots of Speed | 2 | |
| Circlet of Nobility | 1 | |
| Periapt of Vitality | 1 | |
19 total
RoganJosh.Yum (
green | 96 APM | 8016 actions | 83:34)
9 Mountain King
3 Storm Bolt
3 Bash
1 Avatar
2 Thunder Clap
2 Blood Mage
1 Flame Strike
1 Siphon Mana
» actions
| Assign group hotkey | 500 | |
| Basic commands | 139 | |
| Build / train | 191 | |
| ESC pressed | 7 | |
| Enter build submenu | 106 | |
| Enter hero's abilities submenu | 12 | |
| Give item / drop item | 4 | |
| Remove unit from queue | 2 | |
| Right click | 4037 | |
| Select / deselect | 719 | |
| Select group hotkey | 1960 | |
| Use ability | 338 | |
8016 total
» units
| Peasant | 44 | |
| Flying Machine | 32 | |
| Mortar Team | 2 | |
78 total
» upgrades
| Masonry | 2 | |
| Lumber Harvesting | 1 | |
| Gunpowder | 3 | |
| Plating | 3 | |
| Flak Cannons | 1 | |
| Flying Machine Bombs | 1 | |
| Barrage | 1 | |
| Flare | 1 | |
13 total
» buildings
| Altar of Kings | 7 | |
| Farm | 21 | |
| Lumber Mill | 2 | |
| Scout Tower | 48 | |
| Arcane Tower | 6 | |
| Guard Tower | 33 | |
| Arcane Vault | 2 | |
| Keep | 11 | |
| Town Hall | 5 | |
| Castle | 4 | |
| Blacksmith | 3 | |
| Workshop | 13 | |
155 total
» build order
00:02 Altar of Kings
00:13 Farm
00:57 Lumber Mill
01:09 Scout Tower
01:10 Scout Tower
01:35 Arcane Tower
01:36 Arcane Tower
01:39 Scout Tower
01:39 Scout Tower
02:03 Guard Tower
02:04 Guard Tower
02:04 Guard Tower
02:05 Guard Tower
02:06 Guard Tower
02:06 Guard Tower
02:06 Guard Tower
02:13 Scout Tower
03:18 Scout Tower
03:18 Scout Tower
03:45 Guard Tower
03:45 Guard Tower
03:49 Scout Tower
03:50 Scout Tower
04:01 Scout Tower
04:03 Scout Tower
04:04 Scout Tower
04:17 Scout Tower
04:29 Arcane Vault
04:34 Guard Tower
04:37 Scout Tower
04:38 Scout Tower
04:41 Scout Tower
04:44 Scout Tower
04:45 Guard Tower
04:46 Arcane Tower
04:55 Farm
05:08 Keep
05:09 Keep
05:15 Guard Tower
05:33 Guard Tower
05:33 Guard Tower
05:33 Guard Tower
05:45 Guard Tower
05:45 Guard Tower
06:21 Scout Tower
06:22 Scout Tower
06:23 Scout Tower
06:24 Scout Tower
06:59 Guard Tower
07:52 Scout Tower
07:52 Scout Tower
07:53 Guard Tower
08:08 Town Hall
08:11 Scout Tower
08:12 Scout Tower
08:14 Scout Tower
08:15 Scout Tower
08:27 Farm
08:28 Farm
09:44 Guard Tower
09:50 Guard Tower
10:57 Scout Tower
11:01 Scout Tower
11:01 Scout Tower
11:03 Scout Tower
11:05 Scout Tower
11:07 Scout Tower
11:29 Guard Tower
11:29 Guard Tower
12:05 Guard Tower
12:12 Scout Tower
12:13 Scout Tower
12:48 Guard Tower
12:52 Scout Tower
12:53 Scout Tower
12:55 Scout Tower
12:56 Scout Tower
12:58 Scout Tower
13:02 Scout Tower
13:03 Scout Tower
16:11 Town Hall
16:13 Scout Tower
16:15 Scout Tower
16:16 Scout Tower
16:17 Scout Tower
16:18 Scout Tower
16:19 Scout Tower
16:22 Lumber Mill
16:52 Arcane Tower
17:01 Guard Tower
17:20 Guard Tower
18:38 Altar of Kings
18:46 Guard Tower
18:53 Farm
18:54 Farm
18:55 Farm
18:55 Farm
19:02 Keep
19:02 Keep
21:04 Arcane Vault
21:28 Castle
21:28 Castle
21:31 Blacksmith
22:55 Workshop
22:58 Workshop
23:03 Workshop
23:05 Workshop
23:09 Workshop
23:11 Workshop
23:45 Workshop
23:55 Workshop
24:31 Farm
24:32 Farm
24:33 Farm
24:34 Farm
24:36 Altar of Kings
27:37 Blacksmith
28:41 Altar of Kings
28:43 Altar of Kings
28:50 Altar of Kings
29:23 Farm
29:25 Farm
29:30 Keep
29:31 Keep
31:57 Town Hall
32:18 Castle
32:19 Castle
62:52 Town Hall
65:59 Town Hall
68:05 Altar of Kings
68:07 Farm
68:08 Farm
68:09 Farm
68:11 Farm
68:13 Farm
71:28 Keep
71:28 Keep
72:28 Blacksmith
72:31 Farm
72:33 Farm
75:07 Workshop
75:22 Workshop
75:24 Workshop
75:26 Workshop
75:27 Workshop
» items
| Scroll of Regeneration | 5 | |
| Lesser Clarity Potion | 2 | |
| Potion of Healing | 1 | |
| Scroll of Town Portal | 4 | |
| Periapt of Vitality | 1 | |
| Potion of Lesser Invulnerability | 1 | |
| Staff of Teleportation | 1 | |
| Orb of Fire | 1 | |
16 total
TheCottonGin (
blue | 68 APM | 5676 actions | 83:32)
9 Warden
3 Shadow Strike
3 Blink
2 Spirit of Vengeance
1 Fan of Knives
2 Pandaren Brewmaster
1 Drunken Haze
1 Breath of Fire
» actions
| Assign group hotkey | 18 | |
| Basic commands | 26 | |
| Build / train | 102 | |
| ESC pressed | 22 | |
| Enter build submenu | 45 | |
| Enter hero's abilities submenu | 11 | |
| Give item / drop item | 4 | |
| Right click | 4004 | |
| Select / deselect | 1005 | |
| Select group hotkey | 238 | |
| Use ability | 200 | |
5676 total
» units
| Wisp | 61 | |
| Dryad | 3 | |
| Forest Troll Berserker | 1 | |
| Glaive Thrower | 5 | |
70 total
» upgrades
» buildings
| Altar of Elders | 4 | |
| Moon Well | 15 | |
| Tree of Ages | 2 | |
| Tree of Life | 9 | |
| Ancient of Wind | 3 | |
| Hunter's Hall | 1 | |
| Ancient of War | 4 | |
| Ancient of Lore | 2 | |
40 total
» build order
00:06 Altar of Elders
00:07 Moon Well
05:14 Tree of Ages
05:51 Moon Well
05:54 Moon Well
09:16 Tree of Life
12:02 Altar of Elders
12:05 Moon Well
12:16 Altar of Elders
12:18 Moon Well
13:19 Altar of Elders
13:23 Moon Well
14:25 Moon Well
15:37 Tree of Life
42:11 Tree of Life
42:39 Tree of Life
42:43 Tree of Life
42:51 Tree of Life
44:24 Moon Well
44:31 Moon Well
46:21 Tree of Life
47:34 Tree of Ages
47:56 Moon Well
48:54 Moon Well
48:55 Moon Well
49:03 Moon Well
51:43 Moon Well
52:06 Ancient of Wind
52:16 Ancient of Wind
52:22 Hunter's Hall
52:23 Moon Well
52:35 Tree of Life
53:13 Ancient of War
53:24 Tree of Life
53:42 Ancient of Lore
53:44 Ancient of Lore
67:23 Ancient of War
67:25 Ancient of War
67:29 Ancient of War
82:48 Ancient of Wind
» items
| Lesser Clarity Potion | 1 | |
| Tome of Retraining | 2 | |
| Boots of Speed | 1 | |
| Potion of Healing | 3 | |
7 total
TIMG4STRok (
orange | 110 APM | 9193 actions | 83:32)
9 Archmage
3 Summon Water Elemental
3 Brilliance Aura
2 Blizzard
1 Mass Teleport
» actions
| Assign group hotkey | 42 | |
| Basic commands | 149 | |
| Build / train | 188 | |
| ESC pressed | 11 | |
| Enter build submenu | 109 | |
| Enter hero's abilities submenu | 12 | |
| Give item / drop item | 6 | |
| Right click | 4259 | |
| Select / deselect | 600 | |
| Select group hotkey | 3394 | |
| Use ability | 420 | |
9193 total
» units
| Peasant | 38 | |
| Footman | 9 | |
| Gryphon Rider | 17 | |
64 total
» upgrades
| Masonry | 3 | |
| Magic Sentry | 1 | |
| Lumber Harvesting | 2 | |
| Storm Hammers | 1 | |
| Swords | 3 | |
| Animal War Training | 1 | |
| Armor | 4 | |
15 total
» buildings
| Altar of Kings | 2 | |
| Farm | 27 | |
| Barracks | 2 | |
| Scout Tower | 83 | |
| Arcane Tower | 11 | |
| Lumber Mill | 4 | |
| Guard Tower | 19 | |
| Town Hall | 5 | |
| Keep | 3 | |
| Arcane Sanctum | 1 | |
| Castle | 2 | |
| Gryphon Aviary | 4 | |
| Arcane Vault | 3 | |
| Blacksmith | 2 | |
168 total
» build order
00:06 Altar of Kings
00:19 Farm
00:25 Barracks
00:59 Farm
01:32 Farm
02:18 Scout Tower
02:26 Farm
04:16 Arcane Tower
04:23 Lumber Mill
04:24 Scout Tower
04:26 Scout Tower
04:30 Lumber Mill
05:39 Guard Tower
05:45 Town Hall
05:48 Scout Tower
05:49 Scout Tower
05:50 Scout Tower
05:53 Scout Tower
05:57 Scout Tower
06:25 Arcane Tower
06:26 Guard Tower
06:28 Guard Tower
06:41 Farm
06:43 Scout Tower
06:47 Scout Tower
07:15 Town Hall
07:20 Scout Tower
07:20 Scout Tower
07:22 Scout Tower
07:27 Scout Tower
07:27 Scout Tower
07:31 Scout Tower
07:33 Scout Tower
07:36 Scout Tower
07:59 Guard Tower
07:59 Guard Tower
08:00 Guard Tower
08:02 Arcane Tower
08:13 Keep
08:13 Keep
08:15 Guard Tower
09:41 Scout Tower
09:41 Scout Tower
09:42 Scout Tower
09:44 Scout Tower
09:45 Scout Tower
09:45 Scout Tower
09:46 Scout Tower
09:47 Scout Tower
09:48 Scout Tower
09:48 Scout Tower
10:46 Scout Tower
10:48 Arcane Sanctum
10:50 Scout Tower
10:51 Scout Tower
10:56 Scout Tower
10:57 Scout Tower
10:57 Scout Tower
10:58 Scout Tower
10:58 Scout Tower
10:59 Scout Tower
13:16 Guard Tower
13:17 Guard Tower
13:22 Castle
13:43 Guard Tower
13:46 Scout Tower
13:47 Scout Tower
13:47 Scout Tower
13:49 Scout Tower
13:51 Gryphon Aviary
13:51 Gryphon Aviary
13:55 Farm
13:55 Farm
13:56 Farm
13:56 Farm
13:57 Farm
13:58 Farm
14:24 Guard Tower
14:33 Arcane Vault
14:36 Blacksmith
14:39 Farm
14:40 Farm
14:41 Farm
14:45 Scout Tower
14:46 Scout Tower
14:47 Scout Tower
14:50 Farm
15:33 Guard Tower
15:35 Scout Tower
15:36 Scout Tower
15:37 Scout Tower
15:38 Scout Tower
15:41 Guard Tower
15:50 Scout Tower
15:50 Scout Tower
15:52 Scout Tower
16:07 Barracks
16:11 Guard Tower
16:38 Guard Tower
17:27 Arcane Vault
17:54 Arcane Tower
17:55 Guard Tower
24:56 Town Hall
25:00 Altar of Kings
25:02 Farm
26:58 Lumber Mill
27:03 Farm
27:10 Farm
27:11 Farm
28:22 Town Hall
29:38 Town Hall
31:54 Keep
31:55 Scout Tower
31:57 Scout Tower
31:57 Scout Tower
31:59 Scout Tower
32:00 Scout Tower
33:10 Guard Tower
35:04 Castle
35:06 Gryphon Aviary
35:07 Gryphon Aviary
35:10 Blacksmith
35:12 Lumber Mill
35:15 Farm
35:16 Farm
35:17 Farm
36:56 Farm
36:57 Farm
36:58 Farm
36:58 Farm
37:38 Scout Tower
37:40 Scout Tower
38:14 Arcane Vault
38:59 Scout Tower
39:00 Scout Tower
40:15 Guard Tower
40:18 Scout Tower
40:19 Scout Tower
40:19 Scout Tower
41:43 Guard Tower
47:56 Farm
64:05 Scout Tower
64:06 Scout Tower
64:07 Scout Tower
64:09 Scout Tower
64:09 Scout Tower
64:10 Scout Tower
64:11 Scout Tower
64:12 Scout Tower
64:35 Scout Tower
77:07 Scout Tower
77:19 Arcane Tower
77:19 Arcane Tower
77:20 Arcane Tower
77:28 Scout Tower
77:28 Scout Tower
77:29 Scout Tower
77:29 Scout Tower
77:30 Scout Tower
78:47 Arcane Tower
78:49 Scout Tower
78:49 Scout Tower
78:50 Scout Tower
78:53 Scout Tower
79:15 Arcane Tower
79:23 Arcane Tower
81:37 Arcane Tower
» items
| Scroll of Regeneration | 21 | |
| Potion of Healing | 19 | |
| Lesser Clarity Potion | 2 | |
| Potion of Mana | 1 | |
| Scroll of Town Portal | 11 | |
| Scroll of Healing | 3 | |
| Tome of Retraining | 1 | |
| Boots of Speed | 1 | |
| Staff of Sanctuary | 1 | |
60 total
Chat log
(29:59 / All) b2b.sMoKe.N.fLy: oh dudes
(30:00 / All) b2b.sMoKe.N.fLy: ..
(39:44 / All) b2b.sMoKe.N.fLy: fucking noobs
(39:47 / All) b2b.sMoKe.N.fLy: tt
(39:50 / All) TheCottonGin: 8lllllllllllllllllD
(40:55 / All) TheCottonGin: Lmao
(44:23 / All) Often-A-Bird: leave nooblars
(44:26 / All) b2b.sMoKe.N.fLy: never
(45:55 / All) Often-A-Bird: u cant win
(45:59 / All) b2b.sMoKe.N.fLy: U cant win
(46:03 / All) TheCottonGin: ya...just....leave....
(46:04 / All) Often-A-Bird: u
(46:05 / All) TIMG4STRok: ? I AM WINNING RIGHT NOW
(46:13 / All) Often-A-Bird: me??? i won a long time ago
(50:50 / All) TheCottonGin: Wow....leave
(50:56 / All) Often-A-Bird: ty for freewin
(51:06 / All) RoganJosh.Yum: g*d damn this game wuz easy
(52:51 / Allies) TIMG4STRok: yum
(52:52 / Allies) TIMG4STRok: yum
(52:52 / Allies) TIMG4STRok: ymu
(53:35 / All) TheCottonGin: wow...just....leave
(53:45 / All) Often-A-Bird: you are the biggest noobys
(53:47 / All) otmo[R]ozok: wow, we are more gay than u
(53:49 / All) otmo[R]ozok: relax now
(53:59 / All) otmo[R]ozok: np, play, as u wish
(53:59 / All) TheCottonGin: wow..really..
(54:04 / All) Often-A-Bird: learn to play some time perchance.
(54:04 / All) TheCottonGin: come on now...
(54:18 / All) TIMG4STRok: CATCH ME IF YOU CAN
(54:19 / All) TIMG4STRok: NOT
(55:33 / All) Often-A-Bird: agagaga i have too much GOLD
(56:01 / All) RoganJosh.Yum: lol we have over 1000 gold between us. leave now u noobs.
(56:41 / All) TIMG4STRok: piNK IS GAY N OOPPIOE
(58:46 / All) TheCottonGin: are u kids having fun
(58:47 / All) TheCottonGin: being this bad
(58:55 / All) otmo[R]ozok: ye
(59:03 / All) TheCottonGin: ??
(59:57 / All) TheCottonGin: dang...just....leave
(60:05 / All) RoganJosh.Yum: this.... this is unsavoury
(60:06 / All) otmo[R]ozok: nope, we stay
(60:08 / All) Often-A-Bird: u guys got humiliated :D
(60:24 / All) TheCottonGin: yo we were like vietcong
(60:24 / All) TIMG4STRok: this is unsavery, i wouldnt save this repaly.
(60:38 / All) otmo[R]ozok: who care
(60:39 / All) otmo[R]ozok: s
(60:42 / All) Often-A-Bird: you guys
(60:45 / All) Often-A-Bird: must be so ashamed
(60:45 / All) otmo[R]ozok: just come and finish
(60:48 / All) RoganJosh.Yum: stop the game.
(60:50 / All) TIMG4STRok: bye bye heros
(60:51 / All) Often-A-Bird: i know i would be
(60:55 / All) RoganJosh.Yum: -uberabaa_mg, 2004
(61:51 / All) Often-A-Bird: yellow Where Is Your Base
(62:17 / All) TheCottonGin: wow i had 2 idle workers
(62:19 / All) TheCottonGin: im so bad
(63:02 / All) RoganJosh.Yum: does ur mom know u do this
(63:09 / All) Often-A-Bird: she would be embarassed for u
(63:11 / All) RoganJosh.Yum: stay in games u lose that is...
(63:15 / All) Often-A-Bird: if she knew how poorly you played war3.
(63:19 / All) RoganJosh.Yum: u are bringing shame to the fambly name.
(63:28 / Allies) RoganJosh.Yum: MataFamblyJewels
(63:33 / All) Often-A-Bird: dishonoring your parents with this terrible, terrible play
(66:35 / All) TheCottonGin: Pink why dont u....leave
(66:47 / All) otmo[R]ozok: we are having fun
(66:47 / All) TheCottonGin: u cant really win..
(66:52 / All) TheCottonGin: are you sure..
(67:43 / All) TheCottonGin: 100 food dryads?
(67:45 / All) TheCottonGin: O.O
(67:57 / All) TheCottonGin: O.O
(69:20 / All) otmo[R]ozok: kill us, kill
(69:29 / All) RoganJosh.Yum: nah. we takin it slow.
(69:37 / All) TIMG4STRok: im talkin a dump on u
(69:37 / All) RoganJosh.Yum: just like i did with ur mother.
(71:10 / All) Often-A-Bird: someone ogrenapped my mauler
(71:12 / All) RoganJosh.Yum: muh bolt
(71:32 / All) TheCottonGin: bye
(71:45 / All) TheCottonGin: Why u...still..here..
(71:46 / All) Often-A-Bird: u got mauled
(72:07 / All) RoganJosh.Yum: well either do it or don't, but i got places to be.
(72:12 / All) RoganJosh.Yum: -Marlo Stanfield
(75:26 / All) TheCottonGin: Why so gay
(75:30 / All) TIMG4STRok: MANNER PLEASE
(75:45 / All) Often-A-Bird: wtf
(75:50 / All) TIMG4STRok: common
(75:50 / All) Often-A-Bird: we show gosu manner 100%
(75:53 / All) Often-A-Bird: treat you with respect
(75:54 / All) RoganJosh.Yum: but... we killed all ur buildings??
(75:56 / All) Often-A-Bird: and this is how you repay us ?
(75:59 / All) RoganJosh.Yum: why is the game not over O_o
(76:22 / All) TheCottonGin: thats really clever
(76:24 / All) TheCottonGin: how did you think of that
(78:38 / All) RoganJosh.Yum: y wud somebody do this in an online game of warcraft £
(79:29 / All) Often-A-Bird: ppl like u give battlenet a bad name
(79:53 / All) TheCottonGin: How did u win wc3 26 times
(83:02 / All) TheCottonGin: Wow u r just so gay i am just so mad right now